 Dungeon Crawl Stone Soup version 0.19.4 (webtiles) character file.

763 69ning69 the Cleaver (level 7, -3/57 HPs)
             Began as a Hill Orc Fighter on Jan 31, 2017.
             Slain by 69ning69's ghost (15 damage)
             ... on level 6 of the Dungeon.
             The game lasted 00:11:13 (4191 turns).

69ning69 the Cleaver (Hill Orc Fighter)             Turns: 4191, Time: 00:11:14

Health: -3/57      AC:  8    Str: 21    XL:     7   Next: 81%
Magic:  7/7        EV:  9    Int:  8    God:
Gold:   327        SH:  0    Dex: 10    Spells: 0 memorised, 6 levels left

rFire  . . .     SeeInvis +     i - +4 hand axe (curse)
rCold  + . .     Gourm    .     b - +0 scale mail
rNeg   . . .     Faith    .     (no shield)
rPois  .         Spirit   .     (no helmet)
rElec  .         Reflect  .     (no cloak)
rCorr  .         Harm     .     w - +0 pair of gloves
MR     .....                    (no boots)
Stlth  ..........               (no amulet)
                                E - ring of see invisible
                                C - ring of protection from cold

@: no status effects
A: no striking features
a: no special abilities


You were on level 6 of the Dungeon.
You were hungry.

You visited 1 branch of the dungeon, and saw 6 of its levels.

You collected 327 gold pieces.

Inventory:

Hand Weapons
 e - a +2 battleaxe
 i - a cursed +4 hand axe (weapon)
Missiles
 s - 7 tomahawks (quivered)
 u - 5 tomahawks of returning
Armour
 b - a +0 scale mail (worn)
 c - a +0 shield
 w - a +0 pair of gloves (worn)
Jewellery
 A - an uncursed ring of wizardry
 C - a ring of protection from cold (left hand)
 E - a ring of see invisible (right hand)
Wands
 B - a wand of confusion (34/48)
Scrolls
 a - 4 scrolls of identify
 j - 2 scrolls of remove curse
 r - a scroll of random uselessness {unknown}
 v - a scroll of magic mapping {unknown}
 y - a scroll of immolation {unknown}
Potions
 d - a potion of might
 g - 3 potions of brilliance
 h - 4 potions of curing
 n - a potion of agility {unknown}
 o - 2 potions of flight {unknown}
 p - a potion of mutation {unknown}
 q - 2 potions of haste {unknown}
 t - a potion of ambrosia {unknown}
 x - a potion of invisibility {unknown}
 z - a potion of magic {unknown}
 D - a potion of degeneration {unknown}
Comestibles
 f - 2 bread rations
 k - a beef jerky
 l - 4 meat rations
 m - a royal jelly


   Skills:
 - Level 3.6 Fighting
 + Level 11.1 Axes
 - Level 3.2 Armour
 - Level 3.2 Shields


You had 6 spell levels left.
You didn't know any spells.

Dungeon Overview and Level Annotations

Branches:
Dungeon (6/15)
 Temple: D:4-7

Altars:
Hepliaklqana
Okawaru
Ru
Trog
Uskayaw
Zin

Shops:
D:4 *

Annotations:
D:6 69ning69's ghost, novice TrMo


Message History

You closely miss 69ning69's ghost. 69ning69's ghost is heavily damaged. 69ning69's ghost hits you but does no damage.
Press: ? - help, v - describe, . - travel
Here: 69ning69's ghost (heavily damaged)
The floor.
You closely miss 69ning69's ghost. 69ning69's ghost is heavily damaged.
You slash 69ning69's ghost! 69ning69's ghost is severely damaged. 69ning69's ghost hits you!!
* * * LOW HITPOINT WARNING * * *
You slash 69ning69's ghost! 69ning69's ghost is severely damaged. 69ning69's ghost wails, "You must not fail where I succeeded!" 69ning69's ghost closely misses you.
You hit 69ning69's ghost. 69ning69's ghost is almost destroyed. 69ning69's ghost hits you!
You die...

#.. .. .# #. .#
#.#####.# . #.......#
.. #.......#...
#.........####
######......# ..#
#........@W.#####.##
#...........#......#
#.....#............# .#
#.....#............#.$#
####..................#
###...................
#.............<..##.
##......##.##..#....
#.(....##.# .......


You could see 69ning69's ghost.

Vanquished Creatures
  An ice beast (D:5)
  A centaur (D:5)
  Blork the orc (D:5)
  5 wights (D:3)
  A centaur zombie (D:5)
  A centaur skeleton (D:4)
  2 iguanas (D:4)
  An orc wizard (D:4)
  4 adders
  A howler monkey skeleton (D:4)
  A shadow imp (D:5)
  2 oozes
  An adder skeleton (D:5)
  5 worms
  6 dart slugs
  3 leopard geckos
  5 orcs
  A ball python (D:3)
  3 bats
  3 giant cockroaches
  11 goblins
  5 hobgoblins
  4 jackals
  A quokka (D:5)
  5 frilled lizards
  9 kobolds
  10 rats
93 creatures vanquished.

Notes
Turn   | Place    | Note
-------+----------+-------------------------------------------
     0 | D:1      | 69ning69 the Hill Orc Fighter began the quest for the Orb.
     0 | D:1      | Reached XP level 1. HP: 19/19 MP: 1/1
    24 | D:1      | Reached skill level 3 in Axes
    37 | D:1      | Reached XP level 2. HP: 8/26 MP: 2/2
   299 | D:1      | Reached skill level 4 in Axes
   541 | D:1      | Reached XP level 3. HP: 29/31 MP: 3/3
   863 | D:2      | Reached skill level 5 in Axes
  1158 | D:2      | Found an iron altar of Okawaru.
  1923 | D:3      | Reached XP level 4. HP: 30/39 MP: 4/4
  2289 | D:3      | Reached skill level 6 in Axes
  2593 | D:3      | Reached skill level 7 in Axes
  2593 | D:3      | Reached XP level 5. HP: 45/45 MP: 5/5
  2615 | D:3      | Reached skill level 8 in Axes
  2615 | D:3      | Reached XP level 6. HP: 28/51 MP: 6/6
  3044 | D:4      | Found Zin's Purification Station.
  3054 | D:4      | Found a glowing silver altar of Zin.
  3129 | D:4      | Reached skill level 9 in Axes
  3407 | D:4      | Reached XP level 7. HP: 45/57 MP: 7/7
  3658 | D:5      | Entered Level 5 of the Dungeon
  3669 | D:5      | Reached skill level 10 in Axes
  3711 | D:5      | Found a hide-covered altar of Uskayaw.
  3713 | D:5      | Found a hazy altar of Hepliaklqana.
  3714 | D:5      | Found a sacrificial altar of Ru.
  3714 | D:5      | Found a bloodstained altar of Trog.
  4144 | D:6      | Noticed Blork the orc
  4155 | D:6      | Noticed 69ning69's ghost (novice TrMo)
  4175 | D:5      | Killed Blork the orc
  4175 | D:5      | Reached skill level 11 in Axes
  4191 | D:6      | Slain by 69ning69's ghost

Skill      XL: |  1  2  3  4  5  6  7 |
---------------+----------------------+-----
Axes           | 3 4 5 7 8 9 11 | 11.1
Fighting       | |  3.6
Armour         | |  3.2
Shields        | |  3.2

Action                   |  1- 3 |  4- 6 |  7- 9 || total
-------------------------+-------+-------+-------++-------
Melee: War axe           |   136 |    80 |       ||   216
       Battleaxe         |       |    17 |       ||    17
       Hand axe          |       |    76 |    64 ||   140
  Use: Scroll            |     2 |     5 |       ||     7
  Eat: Chunk             |     2 |     6 |     2 ||    10
Armor: Scale mail        |    59 |    70 |    17 ||   146
       Leather armour    |     1 |       |       ||     1
Dodge: Dodged            |    77 |    95 |    22 ||   194
